 Dungeon Crawl Stone Soup version 0.27.0-1-g7a089689b8 (webtiles) character file.

Game seed: 5449524126066678461

207 sanka the Ducker (level 5, -5/28 HPs)
             Began as a Spriggan Abyssal Knight on Aug 14, 2021.
             Was a Believer of Lugonu.
             Killed from afar by Natasha (6 damage)
             ... with a magic dart
             ... on level 3 of the Dungeon.
             The game lasted 00:07:13 (6457 turns).

sanka the Ducker (Spriggan Abyssal Knight)          Turns: 6457, Time: 00:07:13

Health: -5/28      AC:  2    Str:  8    XL:     5   Next: 54%
Magic:  7/7        EV: 25    Int: 13    God:    Lugonu [**....]
Gold:   129        SH:  0    Dex: 16    Spells: 4/4 levels left

rFire    . . .     SeeInvis +   a - +1 short sword
rCold    . . .     Faith    .   (shield restricted)
rNeg     . . .     Spirit   .   b - +0 robe
rPois    .         Reflect  .   (helmet restricted)
rElec    .         Harm     .   (no cloak)
rCorr    .         Rampage  .   (gloves unavailable)
Will     .....                  (boots unavailable)
Stlth    +.........             (no amulet)
HPRegen  0.09/turn              (no ring)
MPRegen  0.10/turn              j - +4 ring of evasion

@: slowed, quick
A: very small, no large weapons, unfitting armour, see invisible, speed 3
a: Renounce Religion, Depart the Abyss, Bend Space


You were on level 3 of the Dungeon.
You worshipped Lugonu.
Lugonu was pleased with you.
You visited 1 branch of the dungeon, and saw 4 of its levels.
You visited the Abyss 1 time.

You collected 129 gold pieces.


Innate Abilities, Weirdness & Mutations

You are very small and have problems with some larger weapons.
You are too small for most types of armour.
You have supernaturally acute eyesight. (SInv)
You cover ground extremely quickly. (Speed+++)


   Skills:
 - Level 3.0 Fighting
 - Level 2.1 Short Blades
 + Level 7.5 Dodging
 - Level 1.7 Invocations


You had 4 spell levels left.
You didn't know any spells.
Your spell library was empty.

Inventory:

Hand Weapons
 a - a +1 short sword (weapon)
Armour
 b - a +0 robe (worn)
Jewellery
 j - a +4 ring of evasion (right hand)
Scrolls
 c - a scroll of blinking {unknown}
 d - 6 scrolls of teleportation {unknown}
 g - 3 scrolls of identify {unknown}
Potions
 e - a potion of flight
 f - a potion of berserk rage {unknown}
 h - 2 potions of heal wounds {@q2}
 i - a potion of haste {unknown}

Dungeon Overview and Level Annotations

Branches:
Dungeon (4/15)
 Temple: D:4-7

Altars:

Shops:
D:1 (([

Annotations:
D:3 Natasha

▒.......▒▒▒▒▒.▒▒▒▒▒.▒.▒.▒
▒.......▒ ▒▒...▒▒ ▒.▒.▒.▒▒▒▒
▒.......▒ ▒.....▒ ▒........▒
▒▒.▒.▒h▒▒ ▒▒...▒▒ ▒▒▒▒▒▒▒▒.▒
▒.▒.▒.▒ ▒▒.▒▒ ▒.▒ ▒.▒.▒.▒ ▒.▒
▒.▒ ▒.▒.▒5▒ ▒o▒ ▒.▒ ▒.▒.▒.▒
▒▒h▒▒ ▒.▒ ▒.....▒ ▒▒..i▒▒ ▒.▒
▒▒▒.▒▒▒ ▒▒.....▒▒ ▒▒▒▒▒.▒
▒▒.5▒ ▒▒.......▒▒ ▒.....▒
▒▒▒▒...▒▒▒▒.........▒▒▒▒...▒▒▒
..........'.....<...'.......▒
▒▒▒▒...▒▒▒▒.........▒▒▒▒...▒▒
▒▒..▒ ▒▒.......▒▒ ▒..▒▒ ▒▒.▒
▒▒.....▒▒ ▒.▒▒▒▒▒▒▒▒ ▒▒▒▒.▒
▒▒...▒▒ ▒.▒.......


You could see an orc wizard (invisible) and Natasha.


Message History

The orc wizard mumbles some strange words.
The orc wizard flickers and vanishes for a moment.
Natasha closely misses you.
Unknown command.
You hit Natasha.
Natasha is severely wounded.
Natasha completely misses you. Natasha closely misses you.
You closely miss Natasha.
Natasha is severely wounded.
Natasha completely misses you.
Unknown command.
You closely miss Natasha.
Natasha is severely wounded.
Natasha casts a spell at you. The magic dart hits you.
* * * LOW HITPOINT WARNING * * *
Natasha casts a spell at you. The magic dart hits you!
* * * LOW HITPOINT WARNING * * *
You hit Natasha but do no damage.
Natasha is severely wounded.
Natasha completely misses you.
Unknown command.
You hit Natasha.
Natasha is almost dead.
Natasha claws you but does no damage.
Natasha stares at you and mumbles some strange words.
The magic dart hits you.
You die...

Action                   |  1- 3 |  4- 6 || total
-------------------------+-------+-------++-------
Melee: Short sword       |   155 |   182 ||   337
Invok: Depart the Abyss  |     1 |       ||     1
  Use: Potion            |     2 |       ||     2
 Stab: Sleeping          |     3 |     2 ||     5
       Distracted        |       |     1 ||     1
Armor: Robe              |    13 |     6 ||    19
Dodge: Dodged            |   117 |   168 ||   285

Levels and vault maps discovered:
D:1:      sevenhm_arrival_forest_fort_large_2, layout_basic, serial_shops, shop,
          nicolae_diamond_shop, shop, shop
D:2:      layout_loops_corners, fountainhead
D:3:      layout_loops_corners, uniq_natasha
D:4:      layout_basic, kennysheep_generic_room_2

Notes
Turn   | Place    | Note
-------+----------+-------------------------------------------
     0 | Abyss:1  | sanka the Spriggan Abyssal Knight began the quest for the
                  | Orb.
     0 | Abyss:1  | Reached XP level 1. HP: 11/11 MP: 3/3
    64 | Abyss:1  | Noticed a quasit
    91 | Abyss:1  | Noticed a neqoxec
    98 | Abyss:1  | Noticed a quasit
   102 | Abyss:1  | Noticed a green draconian
   102 | Abyss:1  | Noticed a small abomination
   105 | Abyss:1  | Noticed a chaos spawn
   106 | Abyss:1  | Noticed a large abomination
   107 | Abyss:1  | Noticed a small abomination
   107 | Abyss:1  | Noticed an ancient zyme
   110 | D:1      | Escaped the Abyss
   539 | D:1      | Reached XP level 2. HP: 16/16 MP: 4/4
   546 | D:1      | Reached skill level 3 in Fighting
   696 | D:1      | Reached * piety under Lugonu
   848 | D:1      | Found Jitz's Antique Weapon Emporium.
   879 | D:1      | Found Eniuveil's Antique Armour Emporium.
   917 | D:1      | Found Ywkonwe's Weapon Shoppe.
  1026 | D:1      | Found Eheaxett's Assorted Antiques.
  1349 | D:1      | Reached skill level 4 in Dodging
  2025 | D:1      | Found Eniuveil's Antique Armour Emporium.
  2069 | D:1      | Found Jitz's Antique Weapon Emporium.
  2157 | D:1      | Found Ywkonwe's Weapon Shoppe.
  2216 | D:1      | Reached XP level 3. HP: 20/20 MP: 5/5
  2822 | D:2      | HP: 2/20 [poisoned by an adder]
  2832 | D:2      | Reached skill level 5 in Dodging
  3033 | D:2      | Reached XP level 4. HP: 21/24 MP: 6/6
  4058 | D:2      | Reached skill level 6 in Dodging
  4588 | D:3      | Noticed Natasha
  4601 | D:3      | Killed Natasha
  4602 | D:3      | Reached XP level 5. HP: 21/28 MP: 7/7
  5326 | D:3      | Noticed Natasha
  5373 | D:3      | Killed Natasha
  5374 | D:3      | Reached skill level 7 in Dodging
  5410 | D:3      | Noticed Natasha
  6062 | D:3      | Noticed an orc warrior
  6096 | D:4      | Reached ** piety under Lugonu
  6113 | D:4      | Noticed an ogre
  6455 | D:3      | HP: 1/28 [Natasha/magic dart (11)]
  6457 | D:3      | Killed from afar by Natasha

Vanquished Creatures
  Natasha (twice) (D:3)
  A killer bee zombie (D:3)
  5 adders
  2 gnolls
  2 worms
  4 dart slugs
  4 endoplasms
  2 giant cockroaches
  5 goblins
  5 hobgoblins
  14 jackals
  2 quokkas
  2 ball pythons
  3 bats
  7 rats
60 creatures vanquished.
